 Dungeon Crawl Stone Soup version 0.29.1-15-g9cfb28693d (webtiles) character file.

Game seed: 2528454878354905717

9617 Ijustatesigmund the Geomancer (level 11, -2/97 HPs)
             Began as a Gargoyle Earth Elementalist on Apr 27, 2023.
             Was a High Priest of Cheibriados.
             Slain by Snorg (4 damage)
             ... on level 10 of the Dungeon.
             The game lasted 00:38:14 (14640 turns).

Ijustatesigmund the Geomancer (GrEE)               Turns: 14640, Time: 00:38:14

Health: -2/97      AC: 24    Str: 24    XL:     11   Next: 49%
Magic:  14/23      EV: 12    Int: 30    God:    Cheibriados [*****.]
Gold:   1346       SH:  5    Dex: 21    Spells: 22/26 levels left

rFire   . . .      SeeInvis .   e - +6 flail
rCold   . . .      Faith    .   j - +0 buckler
rNeg    + . .      Spirit   .   a - +0 steam dragon scales
rPois   ∞          Reflect  .   o - +0 helmet
rElec   +          Harm     .   n - +2 cloak {Stlth+}
rCorr   .          Rampage  .   s - +0 pair of gloves
Will    .....                   i - +0 pair of boots
Stlth   ..........              (no amulet)
HPRegen 0.26/turn               B - +4 ring of protection
MPRegen 0.18/turn               (no ring)

@: berserking (expiring), very slow
A: sickness immunity, AC +8, negative energy resistance 1, electricity
resistance, torment resistance 1, petrification resistance
a: Renounce Religion, Bend Time, Temporal Distortion, Slouch, Step From Time


You were on level 10 of the Dungeon.
You worshipped Cheibriados.
Cheibriados was extremely pleased with you.
You visited 1 branch of the dungeon, and saw 10 of its levels.
You also visited: Ossuary and Bailey.

You collected 1560 gold pieces.
You spent 214 gold pieces at shops.

Inventory:

Hand Weapons
 e - a +6 flail (weapon)
 A - a +0 morningstar of protection
Missiles
 D - 3 throwing nets
Armour
 a - +0 steam dragon scales (worn)
 i - a +0 pair of boots (worn)
 j - a +0 buckler (worn)
 n - a +2 cloak of stealth (worn)
 o - a +0 helmet (worn)
 s - a +0 pair of gloves (worn)
Jewellery
 l - a ring of flight
 q - a ring of fire
 y - a ring of fire
 B - a +4 ring of protection (left hand)
 C - a ring of ice
Wands
 w - a wand of mindburst (8)
 E - a wand of charming (2)
Scrolls
 f - 2 scrolls of identify
 g - a scroll of butterflies
 m - 3 scrolls of teleportation
 v - 2 scrolls of fear
 F - a scroll of magic mapping
Potions
 c - 5 potions of curing
 d - 3 potions of haste
 h - 3 potions of ambrosia
 k - 2 potions of magic
 p - 2 potions of lignification
 r - 4 potions of resistance
 t - 2 potions of mutation
 u - 2 potions of might


   Skills:
 - Level 6.3 Fighting
 - Level 4.6 Maces & Flails
 - Level 2.6 Armour
 - Level 1.5 Dodging
 - Level 2.1 Stealth
 - Level 2.4 Shields
 - Level 8.1 Spellcasting
 - Level 9.2 Conjurations
 - Level 0.7 Transmutations
 - Level 9.3 Earth Magic
 + Level 7.0 Invocations
 + Level 1.6 Evocations


You had 22 spell levels left.
You knew the following spells:

 Your Spells              Type           Power      Damage    Failure   Level
a - Sandblast             Erth           100%       2d20      1%          1
b - Stone Arrow           Conj/Erth      100%       3d13      1%          3

Your spell library contained the following spells:

 Spells                   Type           Power      Damage    Failure   Level
 Passwall                 Tmut/Erth      35%        N/A       1%          2
 Sting                    Tmut/Pois      56%        1d5       4%          1
 Slow                     Hex            48%        N/A       5%          1
 Petrify                  Tmut/Erth      42%        N/A       7%          4
 Poisonous Vapours        Pois/Air       24%        N/A       9%          2
 Confusing Touch          Hex            12%        N/A       17%         3
 Summon Guardian Golem    Hex/Summ       12%        N/A       17%         3
 Vampiric Draining        Necr           12%        2d6       17%         3
 Olgreb's Toxic Radiance  Pois           12%        N/A       50%         4
 Summon Mana Viper        Hex/Summ       12%        N/A       83%         5
 Chain Lightning          Conj/Air       19%        3d26      100%        9


Dungeon Overview and Level Annotations

Branches:
Dungeon (10/15)            Temple (0/1) D:4         Ossuary (visited)
 Bailey (visited)
   Lair: D:8-11         Orc: D:9-12

Altars:
Ashenzari
Cheibriados
Dithmenos
Elyvilon
Fedhas
Hepliaklqana
Qazlal
Ru
Uskayaw
Wu Jian
Yredelemnul
Zin
The Shining One

Shops:
D:2 *   D:4 (   D:5 !   D:8 [([*[

Annotations:
D:10 Snorg


Innate Abilities, Weirdness & Mutations

You are immune to sickness and miasma.
Your stone body is resilient. (AC +8)
You are immune to poison.
You resist negative energy. (rN+)
You are resistant to electric shocks. (rElec)
You are resistant to unholy torment.
You are immune to petrification.


Message History

You closely miss Snorg.
Snorg is heavily wounded.
You block Snorg's attack. Snorg claws you but does no damage.
Snorg barely misses you. Snorg closely misses you.
Snorg claws you but does no damage. x2
You barely miss Snorg.
Snorg is heavily wounded.
Snorg bites you!! Snorg claws you but does no damage.
Snorg completely misses you. Snorg bites you.
Snorg claws you but does no damage. Snorg claws you!
You bludgeon Snorg!!
Snorg is severely wounded.
Snorg bites you! Snorg claws you! You block Snorg's attack.
You barely miss Snorg.
Snorg is severely wounded.
Snorg barely misses you. x2; You block Snorg's attack.
Snorg barely misses you. Snorg completely misses you. Snorg misses you.
You barely miss Snorg.
Snorg is severely wounded.
Snorg bites you but does no damage. Snorg claws you.
Snorg claws you but does no damage. Snorg misses you. Snorg claws you.
Snorg barely misses you.
You sock Snorg!
Snorg is severely wounded.
You block Snorg's attack. Snorg barely misses you. Snorg claws you!
* * * LOW HITPOINT WARNING * * *
Snorg bites you!
* * * LOW HITPOINT WARNING * * *
Snorg closely misses you. Snorg misses you.
You sock Snorg!
Snorg is almost dead.
Snorg bites you but does no damage. You block Snorg's attack.
Snorg claws you but does no damage. You block Snorg's attack.
Snorg claws you but does no damage. Snorg closely misses you.
You sock Snorg!
Snorg is almost dead.
Snorg is no longer berserk.
Snorg misses you. Snorg claws you.
* * * LOW HITPOINT WARNING * * *
You block Snorg's attack. Snorg bites you but does no damage. Snorg claws you.
You die...

***,* #...............###+#####
,,,,* #.)..........###.........
***** #...........'.##.........
,,,* #.......<...#.##.........
,,.##***#..........(#..#.........
,<.....##...........##.'[........
,,,**#..'.....(.....####.....[...
,,,* ####.......T...# ##'#######
,,,* #.......@...# #...# ,***
#######'##### ###.## ,* #.# #..#
** #.# #####'#### ** #.#
#........# ,* #.# #......... ,*
****#######.########......... ,*
*,,,........>......+...§§~...
,****,**#######.########...§.~...


You could see Snorg (slow).

Vanquished Creatures
  Harold (D:9)
  The ghost of H0rd4k the Cutter, a novice HuAr (D:5)
  4 gargoyles (D:8)
  Maggie (D:9)
  Grinder (D:4)
  Sigmund (D:6)
  A shadow (D:9)
  A wraith (D:9)
  4 wyverns
  4 yaks (D:9)
  A steam dragon (D:6)
  An ice beast (D:8)
  5 orc warriors
  5 ogres
  2 sky beasts
  3 black bears
  2 centaurs
  2 phantoms
  Blork the orc (D:4)
  9 kobold brigands
  2 bullfrogs
  3 elf zombies (Ossuary)
  4 scorpions
  A necrophage (D:6)
  A gnoll sergeant (D:7)
  9 wights
  11 killer bees
  A jelly (D:7)
  6 howler monkeys
  An electric eel (D:9)
  A hound (D:6)
  2 centaur zombies (Ossuary)
  Crazy Yiuf (D:4)
  6 orc priests
  2 human zombies (Ossuary)
  A gnoll bouda (D:9)
  An iguana (D:5)
  7 orc wizards
  2 mummies (Ossuary)
  7 gnolls
  5 adders
  5 shadow imps
  5 white imps
  An adder zombie (Ossuary)
  2 dart slugs
  24 orcs
  11 endoplasms
  A giant cockroach (D:1)
  5 goblins
  5 hobgoblins
  4 jackals
  26 kobolds
  3 quokkas
  8 ball pythons
  6 bats
  5 frilled lizards
  A goblin zombie (Ossuary)
  8 hobgoblin zombies (Ossuary)
  7 kobold zombies (Ossuary)
  11 orc zombies (Ossuary)
  5 rats
  A rat zombie (Ossuary)
268 creatures vanquished.

Vanquished Creatures (others)
  A fungus (D:9)
1 creature vanquished.

Grand Total: 269 creatures vanquished

Notes
Turn   | Place    | Note
-------+----------+-------------------------------------------
     0 | D:1      | Ijustatesigmund the Gargoyle Earth Elementalist began the
                  | quest for the Orb.
     0 | D:1      | Reached XP level 1. HP: 10/10 MP: 3/3
   219 | D:1      | Found a broken altar of Ashenzari.
   322 | D:1      | Reached XP level 2. HP: 16/16 MP: 1/5
   323 | D:1      | Reached skill level 1 in Fighting
   973 | D:1      | Got the Catalogue of Windy Assembling
  1295 | D:2      | Reached XP level 3. HP: 20/20 MP: 4/6
  1323 | D:2      | Learned a level 3 spell: Stone Arrow
  1343 | D:2      | Found Evuq's General Store.
  1771 | D:2      | Found a faded altar of an unknown god.
  1876 | D:2      | Reached skill level 1 in Maces & Flails
  1876 | D:2      | Reached skill level 1 in Conjurations
  1876 | D:2      | Reached XP level 4. HP: 25/25 MP: 4/8
  2119 | D:2      | Bought a scroll of teleportation for 39 gold pieces
  2539 | D:3      | Found a broken altar of Ashenzari.
  2921 | D:3      | Reached XP level 5. HP: 8/29 MP: 4/9
  3520 | D:4      | Found a staircase to the Ecumenical Temple.
  3520 | D:4      | Noticed an ogre
  3638 | D:4      | Found Vumiegumes's Weapon Emporium.
  3712 | D:4      | Found a sand-covered staircase.
  3716 | Ossuary  | Entered an ossuary
  4583 | Ossuary  | Reached XP level 6. HP: 31/34 MP: 4/11
  4759 | Ossuary  | Reached XP level 7. HP: 27/38 MP: 3/13
  5651 | D:4      | Noticed Blork the orc
  5656 | D:4      | Killed Blork the orc
  5657 | D:4      | Reached skill level 5 in Spellcasting
  5657 | D:4      | Reached skill level 5 in Conjurations
  5657 | D:4      | Reached XP level 8. HP: 43/43 MP: 8/15
  5784 | D:4      | Found a runed translucent door.
  5785 | D:4      | Noticed Crazy Yiuf
  5790 | D:4      | Killed Crazy Yiuf
  6116 | D:4      | Noticed Grinder
  6121 | D:4      | Killed Grinder
  6360 | D:5      | Entered Level 5 of the Dungeon
  6362 | D:5      | Found a sacrificial altar of Ru.
  6367 | D:5      | Found a snail-covered altar of Cheibriados.
  6472 | D:5      | Found a hazy altar of Hepliaklqana.
  6619 | D:4      | Reached skill level 5 in Earth Magic
  7035 | D:5      | Found Siotto's Distillery.
  7043 | D:5      | Bought a potion of heal wounds for 60 gold pieces
  7043 | D:5      | Bought a potion of magic for 96 gold pieces
  7093 | D:5      | Became a worshipper of Cheibriados the Contemplative
  7205 | D:5      | Found a large runed translucent door.
  7206 | D:5      | Found a large runed translucent door.
  7211 | D:5      | Noticed H0rd4k's ghost (novice HuAr)
  7230 | D:5      | Reached skill level 1 in Invocations
  7230 | D:5      | Reached XP level 9. HP: 52/52 MP: 10/17
  7550 | D:5      | Killed H0rd4k's ghost
  7804 | D:6      | Found an ornate altar of the Wu Jian Council.
  8186 | D:6      | Noticed Sigmund
  8277 | D:6      | Killed Sigmund
  8373 | D:6      | Reached skill level 5 in Fighting
  8449 | D:6      | Found a basalt altar of Yredelemnul.
  8657 | D:6      | Identified the +3 spear of the Pyrrhic Victory {speed,
                  | MP+9}
  8761 | D:7      | Found a white marble altar of Elyvilon.
  8761 | D:7      | Found a glowing golden altar of the Shining One.
  8761 | D:7      | Found a glowing silver altar of Zin.
  8843 | D:7      | Reached * piety under Cheibriados
  8864 | D:7      | Reached skill level 1 in Armour
  9076 | D:7      | Reached XP level 10. HP: 59/59 MP: 13/20
  9486 | D:7      | Reached ** piety under Cheibriados
 10441 | D:8      | Found Daafet's Antique Armour Emporium.
 10744 | D:8      | Reached skill level 1 in Shields
 10845 | D:8      | Found Varyaraaty's Antique Armour Shoppe.
 10943 | D:8      | Found Vigufol's Weapon Boutique.
 10967 | D:8      | Found Ukhlosse's Armour Shop.
 11412 | D:8      | Noticed a gargoyle
 11416 | D:8      | Killed a gargoyle
 11417 | D:8      | Reached skill level 5 in Invocations
 11526 | D:8      | Noticed a gargoyle
 11528 | D:8      | Killed a gargoyle
 11603 | D:8      | Noticed a gargoyle
 11608 | D:8      | Killed a gargoyle
 11703 | D:8      | Noticed a gargoyle
 11706 | D:8      | Killed a gargoyle
 11706 | D:8      | Reached *** piety under Cheibriados
 11979 | D:8      | Found Vuzyucewn's Assorted Antiques.
 11988 | D:8      | Bought a scroll labelled EKHLUC OJAASI for 19 gold pieces
 12354 | D:9      | Noticed Harold
 12366 | D:9      | Killed Harold
 12367 | D:9      | Reached XP level 11. HP: 64/64 MP: 6/22
 12621 | D:9      | Reached **** piety under Cheibriados
 12920 | D:9      | Found a hide-covered altar of Uskayaw.
 12922 | D:9      | Found a blossoming altar of Fedhas.
 13115 | D:9      | Noticed Maggie
 13121 | D:9      | Killed Maggie
 13330 | D:9      | Found a shadowy altar of Dithmenos.
 13622 | D:10     | Entered Level 10 of the Dungeon
 13696 | D:10     | Found a flagged portal.
 13701 | Bailey   | Entered a bailey
 13909 | Bailey   | Reached ***** piety under Cheibriados
 13919 | Bailey   | Reached skill level 1 in Evocations
 14163 | Bailey   | Found a bloodstained altar of Trog.
 14269 | D:10     | Found a stormy altar of Qazlal.
 14317 | D:10     | Noticed Snorg
 14640 | D:10     | HP: 2/97 [Snorg (5)]
 14640 | D:10     | Slain by Snorg

Illustrated notes

Levels and vault maps discovered:
D:1:      minmay_arrival_doors, layout_loops_corners, minmay_hexomino_r4
D:2:      layout_basic, serial_shops, shop, shapermc_ecumenical_altar_pompeii
D:3:      layout_rooms, mainiacjoe_overflow_paths, kennysheep_small_spiral,
          hangedman_abyss_or_decor_stabs
D:4:      layout_basic, minmay_temple_entry_from_below_b, serial_shops,
          nicolae_shop_statue_plus, nicolae_ossuary_entry_plus,
          uniq_blork_the_orc, uniq_grinder, uniq_crazy_yiuf_cottage
D:5:      layout_rooms, grunt_temple_overflow_open,
          mainiacjoe_overflow_small_starburst, ebering_ghost_disaster_area,
          serial_shops, kennysheep_mini_moat, kennysheep_cross_room,
          minmay_misc_feat_room
D:6:      nicolae_cairo_tiling, layout_rooms, lemuel_crystal_altar,
          nzn_wu_jian_contemplation, uniq_sigmund
D:7:      layout_basic, good_gods_mini_temple
D:8:      cheibrodos_statue_roulette, layout_loops_ring, serial_shops,
          nicolae_inconvenience_store, shop_statue, shop_statue, shop,
          nicolae_lakefront_shop
D:9:      layout_basic, grunt_dithmenos_shadows, nicolae_overflow_squiral,
          fungi_pond_lemuel, chequers_serial_rivers_room_b, minivault_21,
          uniq_maggie, uniq_harold
D:10:     layout_roguey, mainiacjoe_overflow_alcove_4,
          nicolae_qazlal_scattered_showers, enter_bailey_2, uniq_snorg

Skill      XL: |  1  2  3  4  5  6  7  8  9 10 11 |
---------------+----------------------------------+-----
Fighting       | 1 3 5 6 |  6.3
Earth Magic    | 4 5 7 8 9 |  9.3
Maces & Flails | 1 2 3 4 |  4.6
Conjurations   | 1 2 3 5 6 7 8 9 |  9.2
Spellcasting   | 3 4 5 6 7 8 |  8.1
Invocations    | 1 3 6 7 |  7.0
Armour         | 1 2 |  2.6
Shields        | 2 |  2.4
Evocations     | 1 |  1.6
Dodging        | |  1.5
Stealth        | |  2.1
Transmutations | |  0.7

Action                   |  1- 3 |  4- 6 |  7- 9 | 10-12 || total
-------------------------+-------+-------+-------+-------++-------
Melee: Mace              |     8 |    49 |    86 |       ||   143
       Punch             |       |       |     1 |       ||     1
       Flail             |       |       |    31 |   139 ||   170
 Cast: Sandblast         |    51 |   105 |    33 |    34 ||   223
       Stone Arrow       |       |     5 |    87 |   116 ||   208
Evoke: Wand              |       |     2 |     7 |     6 ||    15
  Use: Scroll            |     4 |     7 |     7 |     6 ||    24
       Potion            |       |     6 |     6 |     2 ||    14
 Stab: Sleeping          |       |     2 |     2 |       ||     4
       Distracted        |       |       |       |     1 ||     1
Armor: Robe              |    18 |    53 |    54 |       ||   125
       Steam dragon scal |       |       |    36 |   120 ||   156
Dodge: Dodged            |    31 |    80 |    77 |   153 ||   341
Block: Buckler           |       |       |       |    51 ||    51
